 Dungeon Crawl Stone Soup version 0.17-a0-2198-g482c6e3 (webtiles) character file.

402 Ordine the Magician (level 6, -1/33 HPs)
             Began as a Deep Elf Wizard on Oct 26, 2015.
             Was an Initiate of Vehumet.
             Slain by an orc zombie (3 damage)
             ... in an ossuary.
             The game lasted 00:14:40 (3411 turns).

Ordine the Magician (Deep Elf Wizard)               Turns: 3411, Time: 00:14:40

Health: -1/33      AC:  4    Str:  4    XL:     6   Next: 55%
Magic:  14/26      EV:  8    Int: 25    God:    Vehumet [......]
Gold:   54         SH:  0    Dex: 13    Spells: 5 memorised, 6 levels left

rFire  . . .     SeeInvis .     b - +2 dagger (venom)
rCold  + . .     Clarity  .     a - +0 robe
rNeg   . . .     SustAt   .     (no shield)
rPois  .         Gourm    .     g - +1 helmet
rElec  .         Spirit   .     (no cloak)
rCorr  .         Warding  .     (no gloves)
rMut   .         Stasis   .     (no boots)
MR     .....                    (no amulet)
Stlth  ++........               q - ring of protection from cold
                                e - ring of magical power

@: not resistant to hostile enchantments, unstealthy
A: mutation resistance 1
a: Renounce Religion


You were in an ossuary.
You worshipped Vehumet.
Vehumet was noncommittal.
You were not hungry.

You visited 2 branches of the dungeon, and saw 5 of its levels.
You also visited: Ossuary.

You collected 124 gold pieces.
You spent 70 gold pieces at shops.

Inventory:

Hand Weapons
 b - a +2 dagger of venom (weapon)
Armour
 a - a +0 robe (worn)
 g - a +1 helmet (worn)
Jewellery
 e - a ring of magical power (left hand)
 p - an uncursed ring of wizardry
 q - a ring of protection from cold (right hand)
Scrolls
 f - 2 scrolls of remove curse
 i - 2 scrolls of teleportation
 n - a scroll of enchant weapon
 s - a scroll of random uselessness {unknown}
 t - a scroll of identify
Potions
 h - 2 potions of magic
 k - a potion of cancellation
 m - a potion of agility {unknown}
 o - a potion of brilliance
 r - a potion of curing {unknown}
Books
 c - a book of Minor Magic

   Spells                             Type                      Level
   a - Magic Dart                     Conjuration                  1
   b - Blink                          Translocation                2
   c - Call Imp                       Summoning                    2
   d - Repel Missiles                 Charms/Air                   2
   e - Slow                           Hexes                        2
   f - Conjure Flame                  Conjuration/Fire             3
   g - Mephitic Cloud                 Conjuration/Poison/Air       3
Comestibles
 d - 4 bread rations
 j - a meat ration
 l - 3 fruits
 u - a chunk of flesh


   Skills:
 + Level 0.5 Fighting
 + Level 1.0 Short Blades
 + Level 2.8 Dodging
 - Level 2.4 Stealth
 * Level 6.1 Spellcasting
 + Level 4.1 Conjurations
   Level 1.1 Summonings
 - Level 4.1 Translocations
 + Level 0.7 Fire Magic
 + Level 0.8 Air Magic


You had 6 spell levels left.
You knew the following spells:

 Your Spells              Type           Power        Failure   Level  Hunger
a - Magic Dart            Conj           ####         1%          1    None
b - Blink                 Tloc           N/A          1%          2    None
c - Repel Missiles        Chrm/Air       #.....       12%         2    None
d - Conjure Flame         Conj/Fire      ###.....     12%         3    None
e - Mephitic Cloud        Conj/Pois/Air  ###.....     12%         3    None


Dungeon Overview and Level Annotations

Branches:
Dungeon (4/15)             Temple (1/1) D:4

Altars:
Ashenzari
Cheibriados
Dithmenos
Elyvilon
Fedhas
Gozag
Kikubaaqudgha
Makhleb
Nemelex Xobeh
Okawaru
Qazlal
Ru
Sif Muna
Trog
Vehumet
Xom
Zin
The Shining One

Shops:
D:4 *

Annotations:
D:4 exclusion: 2 doors


Innate Abilities, Weirdness & Mutations

You are somewhat resistant to further mutation.


Message History

Casting: Magic Dart
Confirm with . or Enter, or press ? or * to list all spells.
Aiming: Magic Dart
Press: ? - help, Shift-Dir - straight line, f - goblin zombie
Aim: a goblin zombie The magic dart hits the goblin zombie.
You destroy the goblin zombie!
Vehumet accepts your kill. The hound zombie barely misses you.
The adder zombie bites you but does no damage.
The hound zombie bites you.
* * * LOW HITPOINT WARNING * * *
The kobold zombie hits you.
* * * LOW HITPOINT WARNING * * *
The hobgoblin zombie hits you.
* * * LOW HITPOINT WARNING * * *
The adder zombie bites you but does no damage.
The hound zombie bites you but does no damage.
The orc zombie hits you.
You die...

................
...............#
...............#
................
................
........Z.......
.......ZZZ......
......ZZ@.......
.......ZZ.......
................
................
...............#
...............#
................
................


You could see an adder zombie, a hound zombie, 2 goblin zombies, a hobgoblin
zombie, a kobold zombie and 2 orc zombies.

Vanquished Creatures
  2 ogres (D:4)
  An orc priest (D:4)
  Jessica (D:3)
  2 orc wizards (D:4)
  An iguana (D:4)
  2 adders
  2 oozes
  3 worms
  5 orcs (D:3)
  3 bat zombies (D:2)
  A gnoll zombie (Ossuary)
  18 hobgoblins
  4 bats
  5 giant cockroaches
  8 giant newts
  4 goblins
  A goblin zombie (Ossuary)
  A hobgoblin zombie (Ossuary)
  10 kobolds
  A quokka (D:2)
  7 rats
  2 rat zombies
84 creatures vanquished.

Notes
Turn   | Place    | Note
--------------------------------------------------------------
     0 | D:1      | Ordine the Deep Elf Wizard began the quest for the Orb.
     0 | D:1      | Reached XP level 1. HP: 10/10 MP: 7/7
   344 | D:1      | Reached XP level 2. HP: 15/15 MP: 6/9
   348 | D:1      | Learned a level 2 spell: Blink
   351 | D:1      | Learned a level 2 spell: Repel Missiles
  1052 | D:1      | Reached skill level 5 in Spellcasting
  1169 | D:2      | Reached XP level 3. HP: 19/19 MP: 11/11
  1174 | D:2      | Learned a level 3 spell: Conjure Flame
  1178 | D:2      | Learned a level 3 spell: Mephitic Cloud
  1438 | D:2      | Gained mutation: You are somewhat resistant to further mutation. [potion of beneficial mutation]
  1633 | D:2      | Found an ancient bone altar of Kikubaaqudgha.
  1984 | D:2      | Reached XP level 4. HP: 20/24 MP: 13/13
  2110 | D:3      | Noticed Jessica
  2121 | D:3      | Killed Jessica
  2564 | D:3      | Found a radiant altar of Vehumet.
  2577 | D:3      | Became a worshipper of Vehumet
  2815 | D:4      | Found Ipuopaq's Assorted Antiques.
  2822 | D:4      | Bought a scroll labeled MUCEOR FIONIOTID for 35 gold pieces
  2822 | D:4      | Bought a scroll labeled TIOLIEK EMAWKO for 35 gold pieces
  2874 | D:4      | Reached XP level 5. HP: 16/28 MP: 15/15
  3061 | D:4      | Found a staircase to the Ecumenical Temple.
  3072 | Temple   | Entered the Ecumenical Temple
  3244 | D:4      | Noticed an ogre
  3265 | D:4      | Killed an ogre
  3265 | D:4      | Reached XP level 6. HP: 32/32 MP: 12/16
  3366 | D:4      | Noticed an ogre
  3375 | D:4      | Killed an ogre
  3375 | D:4      | Reached skill level 1 in Short Blades
  3375 | D:4      | Reached skill level 6 in Spellcasting
  3384 | D:4      | Found a sand-covered staircase.
  3396 | Ossuary  | Entered an ossuary
  3411 | Ossuary  | Slain by an orc zombie

Vault maps used:
D:1:      co_arrival_random_square_maze
D:2:      lemuel_zombie_altar_kikubaaqudgha
D:3:      overflow_temple_1_default, first_bread, minmay_misc_feat_encased,
          uniq_jessica
D:4:      minmay_goblin_kobold_castle, minmay_temple_entry_poolview,
          nicolae_ossuary_entry_ruins, serial_shops, shop
Temple:   nicolae_temple_elliptical
Ossuary:  ossuary_minmay_tomb_2a

Action                   |  1- 3 |  4- 6 || total
-------------------------+-------+-------++-------
Melee: Dagger            |     9 |    12 ||    21
 Cast: Magic Dart        |   123 |    90 ||   213
       Repel Missiles    |     1 |     1 ||     2
       Blink             |     1 |     2 ||     3
       Conjure Flame     |       |     2 ||     2
  Use: Scroll            |     8 |     5 ||    13
       Potion            |     1 |       ||     1
  Eat: Chunk             |     3 |     4 ||     7
